 Dungeon Crawl Stone Soup version 0.27-a0-1191-g601b473118 (webtiles) character file.

Game seed: 16791733844167662433

189 jasper the Magician (level 5, -14/35 HPs)
             Began as a Demonspawn Hedge Wizard on May 23, 2021.
             Demolished by an ogre
             ... wielding a +0 giant spiked club
              (23 damage)
             ... on level 5 of the Dungeon.
             The game lasted 00:06:53 (4886 turns).

jasper the Magician (Demonspawn Hedge Wizard)       Turns: 4886, Time: 00:06:55

Health: -14/35     AC:  3    Str: 10    XL:     5   Next: 40%
Magic:  1/10       EV: 12    Int: 17    God:
Gold:   126        SH:  0    Dex: 12    Spells: 1/11 levels left

rFire    . . .     SeeInvis .   l - staff of conjuration
rCold    . . .     Faith    .   (no shield)
rNeg     . . .     Spirit   .   b - +0 robe
rPois    .         Reflect  .   c - +0 hat
rElec    .         Harm     .   (no cloak)
rCorr    .         Rampage  .   (no gloves)
Will     .....                  j - +0 pair of boots
Stlth    ++........             (no amulet)
HPRegen  0.11/turn              (no ring)
MPRegen  0.12/turn              (no ring)

@: mighty, attractive, hasted, very quick
A: horns 1, talons 1, spiny 1
a: no special abilities


You were on level 5 of the Dungeon.
You visited 1 branch of the dungeon, and saw 5 of its levels.

You collected 126 gold pieces.

Inventory:

Hand Weapons
 a - a +0 dagger
 d - a +0 hand axe
Missiles
 e - 79 stones
 k - 6 javelins
 o - 12 poisoned darts
Armour
 b - a +0 robe (worn)
 c - a +0 hat (worn)
 j - a +0 pair of boots (worn)
Magical Staves
 l - a staff of conjuration (weapon)
Potions
 g - a potion of flight


   Skills:
 - Level 1.7 Dodging
 - Level 1.7 Stealth
 + Level 3.8 Spellcasting
 + Level 2.7 Conjurations
 + Level 1.6 Hexes
 - Level 1.0 Summonings
 + Level 2.5 Translocations
 + Level 1.1 Fire Magic


You had one spell level left.
You knew the following spells:

 Your Spells              Type           Power      Damage    Failure   Level
a - Magic Dart            Conj           72%        1d6       5%          1
b - Blink                 Tloc           N/A        N/A       9%          2
c - Call Imp              Summ           6%         N/A       16%         2
d - Slow                  Hex            8%         N/A       12%         2
e - Conjure Flame         Conj/Fire      14%        6-21      22%         3

Your spell library contained the following spells:

 Spells                   Type           Power      Damage    Failure   Level
 Mephitic Cloud           Conj/Pois/Air  9%         N/A       32%         3


Dungeon Overview and Level Annotations

Branches:
Dungeon (5/15)
 Temple: D:4-7

Altars:


Innate Abilities, Weirdness & Mutations

You have a pair of small horns on your head.
You have sharp toenails.
You are partially covered in sharp spines.


Message History

It was a potion of might.
You feel very mighty all of a sudden. The ogre closely misses you.
Casting: Magic Dart (safe; 5% risk of failure)
Confirm with . or Enter, or press ? or * to list all spells.
A beastly little devil appears in a puff of flame.
You now have 6/10 mp.
Casting: Call Imp (safe; 16% risk of failure)
Confirm with . or Enter, or press ? or * to list all spells.
A shadowy apparition takes form in the air.
The ogre hits you with a +0 giant spiked club!
* * * LOW HITPOINT WARNING * * *
Your crimson imp hits the ogre.
You take 7 damage, and have 9/35 hp.
You now have 4/10 mp.
Casting: Call Imp (safe; 16% risk of failure)
Confirm with . or Enter, or press ? or * to list all spells.
You blink.
The ogre closely misses your crimson imp.
Your shadow imp hits the ogre.
Your crimson imp barely misses the ogre.
The ogre is pulled toward you!
Found 32 bolts.
You now have 2/10 mp.
You feel yourself speed up. The ogre is struck by your spines.
The ogre closely misses you.
Aiming: Magic Dart (safe; 5% risk of failure)
Press: ? - help, Q - select action, (/) - cycle Shift-Dir - straight line, f - ogre
Aim: an ogre, wielding a +0 giant spiked club (moderately wounded, ally target, 100% to hit)
You feel a surge of power!
The magic dart hits the ogre.
The ogre is heavily wounded.
You now have 2/10 mp.
Aiming: Magic Dart (safe; 5% risk of failure)
Press: ? - help, Q - select action, (/) - cycle Shift-Dir - straight line, f/p - ogre
Aim: an ogre, wielding a +0 giant spiked club (heavily wounded, ally target, 100% to hit)
You feel a surge of power!
The magic dart hits the ogre.
The ogre is severely wounded.
Your crimson imp closely misses the ogre.
The ogre is struck by your spines.
The ogre hits you with a +0 giant spiked club!!
Ouch! That really hurt!
You die...

#..##.......###..#
#..........## ##.##
#.#.###.##..###...#
#.#.# #.##.#.#.##.#
#.#.# #.##.##.###.#
#.#.# #.##[##.###.##
....# #.##.##.##...#####
..^## #.##.#.....#.....>
.....##@##.##.##...#####
.......O..........##
.......5....#######
...####5#...# .( #)#####
#ยง...># #####(#


You could see an ogre (ally target), a friendly crimson imp (summoned) and a
friendly shadow imp (summoned).

Vanquished Creatures
  2 orc wizards (D:5)
  3 adders
  An ufetubus (D:5)
  2 dart slugs (D:1)
  A worm (D:2)
  8 orcs
  11 ball pythons
  3 bats (D:1)
  9 endoplasms
  A giant cockroach (D:3)
  8 goblins
  5 hobgoblins
  12 jackals
  9 kobolds
  3 quokkas
  A frilled lizard (D:3)
  4 rats
83 creatures vanquished.

Vanquished Creatures (others)
  8 plants (D:2)
8 creatures vanquished.

Grand Total: 91 creatures vanquished

Notes
Turn   | Place    | Note
-------+----------+-------------------------------------------
     0 | D:1      | jasper the Demonspawn Hedge Wizard began the quest for the
                  | Orb.
     0 | D:1      | Reached XP level 1. HP: 13/13 MP: 4/4
    29 | D:1      | Reached skill level 1 in Translocations
   233 | D:1      | You fall into a shaft and drop 1 floor!
   269 | D:2      | Gained mutation: You are partially covered in sharp spines.
                  | [demonic ancestry]
   269 | D:2      | Reached XP level 2. HP: 15/19 MP: 4/6
   949 | D:1      | Gained mutation: You have a pair of small horns on your
                  | head. [demonic ancestry]
   949 | D:1      | Reached XP level 3. HP: 19/24 MP: 5/7
   952 | D:1      | Learned a level 2 spell: Blink
   955 | D:1      | Learned a level 2 spell: Call Imp
   958 | D:1      | Learned a level 2 spell: Slow
  2568 | D:2      | Found a faded altar of an unknown god.
  2589 | D:2      | Gained mutation: You have sharp toenails. [demonic
                  | ancestry]
  2589 | D:2      | Reached XP level 4. HP: 30/30 MP: 5/9
  2595 | D:2      | Learned a level 3 spell: Conjure Flame
  3271 | D:3      | Reached skill level 1 in Hexes
  4484 | D:4      | Noticed an ogre
  4498 | D:4      | Noticed a scorpion
  4540 | D:5      | Entered Level 5 of the Dungeon
  4593 | D:5      | Reached XP level 5. HP: 32/35 MP: 3/10
  4612 | D:5      | Reached skill level 1 in Fire Magic
  4876 | D:5      | Noticed an ogre
  4886 | D:5      | Demolished by an ogre

Illustrated notes

Levels and vault maps discovered:
D:1:      dpeg_arrival_arbitrary_c, layout_basic
D:2:      layout_loops_ring, serial_bayou, serial_bayou_pond_a,
          serial_bayou_shore_b, serial_bayou_shore_a, serial_bayou_pond_d,
          shapermc_ecumenical_altar_starsandcircs, minmay_misc_feat_plants,
          minivault_19, kennysheep_cluttered_room, serial_bayou_ford_a
D:3:      layout_loops_ring
D:4:      black_bear_nest_2, layout_loops_corners,
          minmay_temple_entry_nine_rooms, biasface_ghost_orc_armoury,
          gup_ossuary_entry_pyramid, st_stairs_4, roderic_three_in_a_row,
          minmay_distorted
D:5:      layout_loops_ring, evilmike_ruin_ashenzari,
          gammafunk_ghost_gnarly_gnolls, minmay_misc_feat_rugged

Skill      XL: |  1  2  3  4  5 |
---------------+----------------+-----
Translocations | 1 2 |  2.5
Conjurations   | 2 |  2.7
Hexes          | 1 |  1.6
Fire Magic     | 1 |  1.1
Dodging        | |  1.7
Stealth        | |  1.7
Spellcasting   | |  3.8
Summonings     | |  1.0

Action                   |  1- 3 |  4- 6 || total
-------------------------+-------+-------++-------
Melee: Hand axe          |    32 |       ||    32
       Headbutt          |     1 |     2 ||     3
       Staff             |       |    13 ||    13
 Cast: Magic Dart        |    85 |    91 ||   176
       Call Imp          |       |     4 ||     4
       Blink             |       |     3 ||     3
       Conjure Flame     |       |     1 ||     1
  Use: Scroll            |       |     3 ||     3
       Potion            |       |     6 ||     6
Armor: Robe              |     6 |     6 ||    12
Dodge: Dodged            |    20 |    24 ||    44

Table legend: (Time is in decaauts)
 A = Elapsed time spent in this place.
 B = Non-inter-level travel time spent in this place.
 C = Inter-level travel time spent in this place.
 D = Time resting spent in this place.
 E = Time spent auto-exploring this place.
 F = Levels seen in this place.
 G = Mean time per level.
                   A        B        C        D        E       F      G
               +--------+--------+--------+--------+--------+-----+--------+
         Total |   4904 |   4718 |    186 |    312 |   3926 |   5 |  980.8 |
       Dungeon |   4904 |   4718 |    186 |    312 |   3926 |   5 |  980.8 |
               +--------+--------+--------+--------+--------+-----+--------+

Top non-repeatable levels by time:
     D:1: 1762 daAuts
     D:3: 1365 daAuts
     D:2: 1305 daAuts
     D:5: 341 daAuts
     D:4: 130 daAuts
